 Dungeon Crawl Stone Soup version 0.29.0-4-gdea44cf6ec (webtiles) character file.

Game seed: 17569912680484426517

770 qw the Cleaver (level 7, -3/41 HPs)
             Began as a Tengu Warper on Aug 28, 2022.
             Slain by Edmund
             ... wielding a +3 vorpal flail
              (8 damage)
             ... on level 5 of the Dungeon.
             The game lasted 00:00:30 (5703 turns).

qw the Cleaver (Tengu Warper)                       Turns: 5703, Time: 00:00:30

Health: -3/41      AC:  6    Str: 13    XL:     7   Next: 83%
Magic:  11/11      EV: 17    Int: 13    God:
Gold:   268        SH:  5    Dex: 14    Spells: 10/10 levels left

rFire   . . .      SeeInvis .   Y - +2 hand axe
rCold   . . .      Faith    .   (no shield)
rNeg    . . .      Spirit   .   d - +0 ring mail
rPois   .          Reflect  +   (helmet restricted)
rElec   .          Harm     .   (no cloak)
rCorr   +          Rampage  .   c - +0 pair of gloves
Will    .....                   (boots unavailable)
Stlth   +.........              f - amulet of reflection
HPRegen 0.13/turn               o - +4 ring of evasion
MPRegen 0.12/turn               k - ring of resist corrosion

@: flying quickly and evasively, quick
A: beak, talons 3, nimble flight
a: no special abilities


You were on level 5 of the Dungeon.
You visited 1 branch of the dungeon, and saw 5 of its levels.

You collected 268 gold pieces.


Innate Abilities, Weirdness & Mutations

You have a beak for a mouth.
You have claws for feet.
Your magical nature lets you fly swiftly and evasively.


   Skills:
 - Level 3.4 Fighting
 + Level 8.7 Axes
 - Level 1.0 Throwing
 - Level 1.1 Armour
 - Level 3.0 Dodging
 - Level 2.0 Spellcasting
 - Level 2.4 Translocations


You had 10 spell levels left.
You didn't know any spells.
Your spell library contained the following spells:

 Spells                   Type           Power      Damage    Failure   Level
 Blink                    Tloc           14%        N/A       30%         2
 Gell's Gravitas          Tloc           7%         N/A       52%         3
 Lesser Beckoning         Tloc           7%         N/A       52%         3
 Teleport Other           Tloc           7%         N/A       52%         3
 Manifold Assault         Tloc           7%         N/A       99%         5

Inventory:

Hand Weapons
 b - a +0 morningstar
 Y - a +2 hand axe (weapon)
Armour
 a - a +0 scale mail
 c - a +0 pair of gloves (worn)
 d - a +0 ring mail (worn)
Jewellery
 f - an amulet of reflection (around neck)
 k - a ring of resist corrosion (right hand)
 o - a +4 ring of evasion (left hand)
Scrolls
 e - 2 scrolls of identify
Potions
 g - a potion of lignification {unknown}
 h - a potion of flight {unknown}
 i - 2 potions of mutation {unknown}
 j - 3 potions of curing
 n - a potion of brilliance {unknown}
 q - a potion of ambrosia {unknown}
 r - a potion of resistance {unknown}

Dungeon Overview and Level Annotations

Branches:
Dungeon (5/15)
 Temple: D:4-7

Altars:
Gozag
Vehumet

Annotations:
D:5 Edmund


Message History

You closely miss Edmund. You claw Edmund, but do no damage.
Edmund is lightly wounded.
Edmund hits you but does no damage.
You hit Edmund but do no damage. Your kick misses Edmund.
Your peck misses Edmund.
Edmund is lightly wounded.
Edmund misses you.
You hit Edmund. You peck Edmund, but do no damage.
Edmund is lightly wounded.
Edmund hits you with a +3 vorpal flail.
You barely miss Edmund. You claw Edmund.
Edmund is moderately wounded.
Edmund hits you with a +3 vorpal flail.
You barely miss Edmund. You claw Edmund.
Edmund is moderately wounded.
You hit Edmund but do no damage.
Edmund is moderately wounded.
Edmund hits you with a +3 vorpal flail!
You hit Edmund. You claw Edmund. You peck Edmund, but do no damage.
Edmund is moderately wounded.
Edmund barely misses you.
You barely miss Edmund.
Edmund is moderately wounded.
You block Edmund's attack.
You closely miss Edmund. You claw Edmund.
Edmund is heavily wounded.
Edmund hits you with a +3 vorpal flail.
You hit Edmund. Your kick misses Edmund.
Edmund is heavily wounded.
Edmund hits you with a +3 vorpal flail!
You hit Edmund but do no damage.
Edmund is heavily wounded.
You block Edmund's attack.
You barely miss Edmund. You claw Edmund! You peck Edmund, but do no damage.
Edmund is severely wounded.
You block Edmund's attack.
You hit Edmund. You claw Edmund.
Edmund is severely wounded.
Edmund hits you with a +3 vorpal flail!
You die...

#.........>..)..###..>..##.#.....
....#...........###........######
........................##.#
##..#..##...##.####.#..## #
##................#.##.#
....#.........##.#.##.##########
###..#......#..##...##...........
.....#%##......##'###############
...........##...@........
##...#.###.##...@........
.......# #.##............
##.#.### .###........... ##.#.#
[# #........... ##...#
............ ##.#.. #............
#.### ##.......... ###


You could see Edmund.

Vanquished Creatures
  A water moccasin (D:5)
  An ogre (D:4)
  A bullfrog (D:4)
  A necrophage (D:5)
  A scorpion (D:5)
  An orc priest (D:5)
  Ijyb (D:5)
  3 iguanas
  Natasha (thrice) (D:2)
  3 gnolls (D:3)
  7 adders
  4 worms
  3 dart slugs
  7 orcs
  6 ball pythons
  6 endoplasms
  3 giant cockroaches
  7 goblins
  4 hobgoblins
  6 jackals
  2 quokkas
  5 bats
  4 frilled lizards
  5 kobolds
  5 rats
90 creatures vanquished.

Vanquished Creatures (others)
  A kobold (D:4)
1 creature vanquished.

Grand Total: 91 creatures vanquished

Notes
Turn   | Place    | Note
-------+----------+-------------------------------------------
     0 | D:1      | qw the Tengu Warper began the quest for the Orb.
     0 | D:1      | Reached XP level 1. HP: 12/12 MP: 4/4
     0 | D:1      | 0 ||| qw: Version: 0.1-a-89-g26bdef1
     0 | D:1      | 0 ||| qw: Game counter: 2574
     0 | D:1      | 0 ||| qw: Always use a shield: true
     0 | D:1      | 0 ||| qw: God list: Okawaru
     0 | D:1      | 0 ||| qw: Allow faded altars: false
     0 | D:1      | 0 ||| qw: Do Orc after D:15 true
     0 | D:1      | 0 ||| qw: Do second Lair branch before Depths: true
     0 | D:1      | 0 ||| qw: Lair rune preference: random
     0 | D:1      | 0 ||| qw: Plans: Normal
     0 | D:1      | 0 ||| PLANNING D:1-11
   210 | D:1      | Reached skill level 3 in Axes
   210 | D:1      | Reached XP level 2. HP: 17/17 MP: 6/6
   211 | D:1      | 211 ||| Stepping ~*~*~tactically~*~*~ (stealth).
   212 | D:1      | 212 ||| Stepping ~*~*~tactically~*~*~ (stealth).
   219 | D:1      | 219 ||| Stepping ~*~*~tactically~*~*~ (stealth).
   221 | D:1      | 221 ||| Stepping ~*~*~tactically~*~*~ (stealth).
   225 | D:1      | 225 ||| Stepping ~*~*~tactically~*~*~ (stealth).
   226 | D:1      | 226 ||| Stepping ~*~*~tactically~*~*~ (stealth).
   239 | D:1      | HP: 4/17 [bat (1)]
   761 | D:1      | Reached XP level 3. HP: 19/21 MP: 7/7
   952 | D:1      | Found a faded altar of an unknown god.
  1234 | D:1      | 1234 ||| UPGRADING to amulet of reflection.
  1239 | D:1      | 1239 ||| DROPPING ring of magical power.
  1240 | D:1      | 1240 ||| READING scroll labelled ROGISA TIOSK.
  1241 | D:1      | 1241 ||| READING scroll labelled GIGOFFI QIAD.
  1242 | D:1      | 1242 ||| READING scroll labelled FARAOKHLYGI.
  1243 | D:1      | 1243 ||| DROPPING scroll of blinking.
  1272 | D:2      | 1272 ||| STAIRDANCE
  1277 | D:2      | 1277 ||| STAIRDANCE
  1302 | D:2      | 1302 ||| STAIRDANCE
  1360 | D:2      | Reached skill level 4 in Axes
  1749 | D:2      | Noticed Natasha
  1756 | D:2      | HP: 4/21 [Natasha/magic dart (7)]
  1757 | D:2      | Killed Natasha
  1758 | D:2      | Reached XP level 4. HP: 5/26 MP: 8/8
  2065 | D:2      | Noticed Natasha
  2066 | D:2      | 2066 ||| Stepping ~*~*~tactically~*~*~ (stealth).
  2072 | D:2      | 2072 ||| Stepping ~*~*~tactically~*~*~ (hiding).
  2073 | D:2      | 2073 ||| Stepping ~*~*~tactically~*~*~ (hiding).
  2075 | D:2      | 2075 ||| Stepping ~*~*~tactically~*~*~ (hiding).
  2082 | D:2      | Killed Natasha
  2083 | D:2      | Reached skill level 5 in Axes
  2089 | D:2      | Noticed Natasha
  2090 | D:2      | 2090 ||| FLEEEEING.
  2098 | D:2      | HP: 5/26 [iron imp[Natasha] (5)]
  2099 | D:2      | Killed Natasha
  2100 | D:2      | Gained mutation: Your magical nature lets you fly swiftly
                  | and evasively. [Tengu growth]
  2100 | D:2      | Reached XP level 5. HP: 6/30 MP: 9/9
  2421 | D:2      | 2421 ||| DROPPING amulet of magic regeneration.
  2422 | D:2      | 2422 ||| DRINKING 2 inky potions.
  2423 | D:2      | 2423 ||| DROPPING potion of degeneration.
  2763 | D:3      | 2763 ||| READING scroll of enchant weapon.
  2763 | D:3      | 2763 ||| ENCHANTING +1 hand axe.
  2940 | D:3      | Reached skill level 6 in Axes
  2993 | D:3      | Found an opulent altar of Gozag.
  3334 | D:3      | Found a radiant altar of Vehumet.
  3639 | D:3      | 3639 ||| UPGRADING to +0 pair of gloves.
  3644 | D:3      | 3644 ||| UPGRADING to +4 ring of evasion.
  3645 | D:3      | 3645 ||| READING scroll labelled ZUGIQIXEEJY.
  3650 | D:3      | 3650 ||| READING scroll labelled JAIKAHIOKIX.
  3651 | D:3      | 3651 ||| READING scroll labelled SESTRA LAPSUMUB.
  3652 | D:3      | 3652 ||| READING scroll labelled VETUM USHREU.
  3653 | D:3      | 3653 ||| DRINKING 2 brown potions.
  3654 | D:3      | 3654 ||| Stepping randomly (stuck).
  3655 | D:3      | 3655 ||| Stepping ~*~*~tactically~*~*~ (cloud).
  3661 | D:3      | HP: 7/30 [poisoned by you (poison gas)]
  3944 | D:4      | Reached XP level 6. HP: 16/35 MP: 10/10
  4151 | D:4      | Reached skill level 7 in Axes
  4266 | D:4      | 4266 ||| DROPPING +0 club.
  4722 | D:4      | Reached skill level 3 in Fighting
  4722 | D:4      | Reached XP level 7. HP: 34/41 MP: 11/11
  4891 | D:4      | 4891 ||| UPGRADING to +0 ring mail.
  4901 | D:4      | 4901 ||| DROPPING +0 leather armour.
  4902 | D:4      | 4902 ||| UPGRADING to ring of resist corrosion.
  4903 | D:4      | 4903 ||| READING scroll labelled RICSAK PUIRI.
  5067 | D:5      | Entered Level 5 of the Dungeon
  5123 | D:5      | Reached skill level 8 in Axes
  5247 | D:5      | Reached skill level 3 in Dodging
  5303 | D:5      | Noticed Ijyb
  5314 | D:5      | Killed Ijyb
  5580 | D:5      | 5580 ||| DROPPING +0 whip.
  5681 | D:5      | Noticed Edmund
  5700 | D:5      | HP: 7/41 [Edmund/+3 vorpal flail (7)]
  5703 | D:5      | Slain by Edmund

Levels and vault maps discovered:
D:1:      mrwooster_arrival_statue, layout_basic,
          shapermc_ecumenical_altar_acropolis, st_stairs_12, minivault_11,
          minivault_5
D:2:      layout_rooms, nicolae_figureground_pulse, uniq_natasha
D:3:      layout_basic, overflow_temple_1_default, mainiacjoe_overflow_alcove_1
D:4:      minmay_evil_eye, layout_gridville, minmay_misc_feat_diagonals
D:5:      layout_basic, uniq_menkaure, uniq_ijyb, uniq_edmund,
          uniq_crazy_yiuf_cottage, uniq_eustachio

Skill      XL: |  1  2  3  4  5  6  7 |
---------------+----------------------+-----
Axes           | 3 4 5 6 7 8 |  8.7
Fighting       | 3 |  3.4
Dodging        | 3 |  3.0
Throwing       | |  1.0
Armour         | |  1.1
Spellcasting   | |  2.0
Translocations | |  2.4

Action                   |  1- 3 |  4- 6 |  7- 9 || total
-------------------------+-------+-------+-------++-------
Melee: Hand axe          |    66 |    99 |    71 ||   236
       Kick              |    20 |    40 |    23 ||    83
       Peck              |    12 |    14 |    15 ||    41
       Punch             |     1 |     2 |       ||     3
Throw: Boomerang         |    15 |    43 |       ||    58
  Use: Scroll            |     3 |     5 |     1 ||     9
       Potion            |       |     2 |       ||     2
Armor: Leather armour    |    19 |     5 |       ||    24
       Ring mail         |       |       |     7 ||     7
Dodge: Dodged            |    31 |    45 |    29 ||   105
Block: Other             |     6 |    15 |    12 ||    33
       Reflection        |       |     1 |       ||     1

Table legend:
 A = Non-vault XP
 B = Vault XP
 C = Vault XP percentage of total XP
 D = Non-vault monster count
 E = Vault monster count
 F = Vault count percentage of total count
                 A         B        C        D         E       F
            +---------+---------+-------+---------+---------+-------
      Total |     933 |     168 |  15.3 |      83 |       7 |   7.8
            +---------+---------+-------+---------+---------+-------
        D:1 |      39 |       2 |   4.9 |      23 |       1 |   4.2
        D:2 |      98 |      35 |  26.3 |       9 |       1 |  10.0
        D:3 |     142 |       0 |   0.0 |      24 |       0 |   0.0
        D:4 |     249 |      92 |  27.0 |      18 |       4 |  18.2
        D:5 |     405 |      39 |   8.8 |       9 |       1 |  10.0
            +---------+---------+-------+---------+---------+-------
